AoeStats
← morignor13

Black Forest

509388581Analyzed
4v4 RM · 5d ago on Sep 26, 2026· 45m 8s· 8 players
Game mode
Random Map
Map size
Large (8 player)
Population
200
Speed
Normal
Resources
Standard
Victory
Conquest
Starting age
Dark Age
Ending age
Imperial Age
RankedLock teamsTeams togetherTeam positionsShared explorationLock speedFull tech treeHidden civsTurbo modeCheats
Victory
Defeat
🇪🇸 Wei · Spain
1033
+12
🇬🇷 Franks · Greece
968
+15
🇨🇳 Magyars · China
949
+16
🇬🇧 Saxons · United Kingdom
917
+17
🇦🇺 Goths · Australia
1013
-19
🇹🇼 Persians · Taiwan
971
-16
🇮🇩 Italians · Indonesia
953
-15
🇹🇼 Magyars · Taiwan
828
-10
morignor13
0:50 Loom
12:24 Feudal Age
15:40 Double-Bit Axe
19:11 Castle Age
19:24 Forging
23:10 Gold Mining
25:06 Stone Mining
27:11 Gold Shaft Mining
26:56 Town Watch
29:45 Wheelbarrow
29:53 Scale Barding Armor
34:37 Imperial Age
32:15 Fletching
32:26 Padded Archer Armor
32:50 Husbandry
33:17 Ballistics
32:53 Murder Holes
32:41 Treadmill Crane
33:16 Caravan
33:18 Elite Skirmisher
33:20 Crossbowman
34:27 Chain Barding Armor
35:18 Bow Saw
35:19 Cavalier
37:12 Hand Cart
40:41 Conscription
40:45 Leather Archer Armor
40:26 Bodkin Arrow
41:08 Iron Casting
44:55 Paladin
Kevin
0:29 Loom
12:26 Feudal Age
16:34 Castle Age
14:43 Double-Bit Axe
14:42 Horse Collar
24:09 Wheelbarrow
23:45 Bow Saw
23:37 Heavy Plow
25:38 Hand Cart
25:09 Town Watch
26:14 Scale Barding Armor
26:11 Scale Mail Armor
27:04 Pikeman
28:02 Gold Mining
28:03 Stone Mining
30:10 Gold Shaft Mining
29:43 Scale Barding Armor
29:28 Fletching
29:39 Padded Archer Armor
31:37 Bloodlines
31:28 Husbandry
32:15 Chain Barding Armor
32:11 Leather Archer Armor
31:51 Bodkin Arrow
32:13 Chain Mail Armor
32:16 Caravan
33:48 Ballistics
33:39 Masonry
36:17 Imperial Age
35:26 Town Patrol
36:13 Corvinian Army
36:53 Thumb Ring
37:21 Conscription
36:29 Heavy Cavalry Archer
37:34 Parthian Tactics
38:18 Chemistry
37:24 Siege Engineers
37:14 Murder Holes
37:24 Recurve Bow
37:59 Hoardings
37:08 Halberdier
39:14 Two-Man Saw
38:47 Crop Rotation
39:04 Plate Barding Armor
38:30 Bracer
39:42 Ring Archer Armor
38:44 Cavalier
40:09 Paladin
Mike Rotch
3:08 Loom
11:31 Feudal Age
13:00 Double-Bit Axe
13:39 Horse Collar
17:51 Castle Age
21:10 Fletching
21:21 Padded Archer Armor
22:32 Husbandry
22:42 Bloodlines
28:04 Leather Archer Armor
27:45 Bodkin Arrow
29:38 Bow Saw
29:31 Heavy Plow
31:05 Wheelbarrow
30:49 Husbandry
35:18 Hand Cart
35:13 Thumb Ring
40:26 Imperial Age
38:39 Ballistics
38:31 Fortified Wall
39:44 Caravan
42:38 Chemistry
42:17 Masonry
44:12 Cranequins
44:13 Heavy Mounted Crossbowman
45:35 Illumination
CTM | sergiobcn
1:05 Loom
17:59 Feudal Age
19:46 Double-Bit Axe
20:45 Horse Collar
28:14 Castle Age
26:34 Stone Mining
27:10 Fletching
27:36 Gold Mining
29:34 Bow Saw
30:48 Wheelbarrow
32:08 Fortified Wall
32:06 Scale Barding Armor
33:41 Town Watch
34:26 Heavy Plow
38:15 Imperial Age
37:15 Gold Shaft Mining
37:25 Bloodlines
38:45 Chain Barding Armor
39:15 Ballistics
39:28 Heavy Hei Guang Cavalry
40:13 Husbandry
40:31 Bodkin Arrow
42:50 Forging
44:08 Hoardings
zncyue
1:21 Loom
13:00 Feudal Age
14:55 Double-Bit Axe
17:17 Castle Age
15:12 Horse Collar
16:49 Gold Mining
16:53 Stone Mining
19:09 Bow Saw
20:01 Wheelbarrow
20:20 Heavy Plow
21:12 Gold Shaft Mining
21:12 Hand Cart
28:14 Pikeman
29:56 Fletching
29:57 Town Watch
30:55 Town Patrol
31:00 Scale Mail Armor
34:03 Imperial Age
32:16 Corvinian Army
34:33 Elite Magyar Huszar
36:34 Two-Man Saw
36:18 Crop Rotation
37:25 Caravan
37:56 Coinage
38:12 Parthian Tactics
37:53 Thumb Ring
38:24 Conscription
38:42 Hoardings
38:33 Heavy Cavalry Archer
40:49 Chain Mail Armor
40:40 Scale Barding Armor
40:30 Bodkin Arrow
40:35 Padded Archer Armor
43:27 Arson
43:54 Recurve Bow
43:43 Sappers
45:56 Chemistry
45:17 Ballistics
44:38 Treadmill Crane
Hao
0:33 Loom
10:46 Feudal Age
15:39 Castle Age
14:17 Double-Bit Axe
24:18 Bow Saw
31:44 Wheelbarrow
30:57 Horse Collar
31:55 Gold Mining
33:06 Hand Cart
37:00 Imperial Age
35:06 Stone Mining
35:54 Gold Shaft Mining
35:27 Town Watch
36:20 Heavy Plow
38:04 Crop Rotation
38:36 Two-Man Saw
37:44 Scale Barding Armor
37:50 Forging
38:19 Stone Shaft Mining
38:35 Caravan
39:20 Chain Barding Armor
39:14 Bloodlines
39:05 Husbandry
38:50 Elite War Elephant
39:53 Conscription
38:54 Elite War Elephant
40:36 Iron Casting
ddmgsxis89228
0:51 Loom
14:49 Feudal Age
23:27 Castle Age
23:43 Double-Bit Axe
26:32 Bow Saw
35:16 Imperial Age
33:38 Horse Collar
33:52 Stone Mining
33:53 Gold Mining
34:47 Wheelbarrow
34:28 Caravan
36:17 Hand Cart
35:48 Town Watch
36:37 Padded Archer Armor
36:28 Fletching
38:26 Chemistry
37:46 Ballistics
39:12 Leather Archer Armor
38:53 Bodkin Arrow
40:40 Stone Shaft Mining
40:08 Heavy Plow
41:13 Two-Man Saw
40:19 Elite Genoese Crossbowman
41:35 Bracer
43:02 Conscription
joseph
12:14 Feudal Age
16:08 Castle Age
14:46 Double-Bit Axe
14:43 Horse Collar
22:29 Heavy Plow
22:49 Bow Saw
28:37 Wheelbarrow
27:50 Loom
27:51 Town Watch
32:29 Imperial Age
30:15 Hand Cart
30:00 Town Patrol
30:23 Scale Mail Armor
30:33 Forging
32:11 Caravan
32:12 Man-at-Arms
32:12 Pikeman
32:53 Squires
33:12 Chain Mail Armor
33:32 Iron Casting
33:43 Long Swordsman
33:43 Halberdier
34:43 Perfusion
35:04 Conscription
34:05 Elite Huskarl
34:46 Anarchy
35:40 Two-Handed Swordsman
37:32 Blast Furnace
36:42 Devotion
37:15 Crop Rotation
37:49 Two-Man Saw
36:35 Champion
Connection lost

Rejoining the realm…

Still unreachable

The connection could not be restored.

Session expired

The server has moved on; the page needs a fresh start.